 Dungeon Crawl Stone Soup version 0.28-a0-643-g84cb2ea78e (webtiles) character file.

Game seed: 16827197957141549426

42 Sabo the Shield-Bearer (level 3, 0/30 HPs)
             Began as a Formicid Fighter on Oct 10, 2021.
             Slain by a frilled lizard (2 damage)
             ... on level 2 of the Dungeon.
             The game lasted 00:01:18 (385 turns).

Sabo the Shield-Bearer (Formicid Fighter)            Turns: 385, Time: 00:01:19

Health: 0/30       AC:  7    Str: 21    XL:     3   Next: 80%
Magic:  3/3        EV:  9    Int:  7    God:
Gold:   21         SH:  4    Dex: 10    Spells: 2/2 levels left

rFire   . . .      SeeInvis +   a - +0 quarterstaff
rCold   . . .      Faith    .   c - +0 buckler
rNeg    . . .      Spirit   .   b - +0 scale mail
rPois   .          Reflect  .   (helmet unavailable)
rElec   .          Harm     .   (no cloak)
rCorr   .          Rampage  .   (no gloves)
Will    .....                   (no boots)
Stlth   ..........              (no amulet)
HPRegen 0.10/turn               (no ring)
MPRegen 0.08/turn               (no ring)

@: no status effects
A: permanent stasis, dig shafts and tunnels, antennae 3, four strong arms
a: Dig, Shaft Self


You were on level 2 of the Dungeon.
You visited 1 branch of the dungeon, and saw 2 of its levels.

You collected 21 gold pieces.

Inventory:

Hand Weapons
 a - a +0 quarterstaff (weapon)
Missiles
 f - 15 poisoned darts
Armour
 b - a +0 scale mail (worn)
 c - a +0 buckler (worn)
Potions
 d - a potion of might
 e - a potion of curing {unknown}


   Skills:
 + Level 3.9 Fighting
 + Level 2.3 Staves
 + Level 3.8 Armour
 + Level 4.0 Shields


You had 2 spell levels left.
You didn't know any spells.
Your spell library was empty.

Dungeon Overview and Level Annotations

Branches:
Dungeon (1/15)

Altars:


Innate Abilities, Weirdness & Mutations

You cannot be hasted, slowed, berserked, paralysed or teleported.
You can dig through walls and to a lower floor.
You have a pair of large antennae on your head. (SInv)
Your four strong arms can wield two-handed weapons with a shield.


Message History

You barely miss the adder.
The adder is heavily wounded.
You feel sick. The adder bites you. The frilled lizard barely misses you.
You completely miss the adder.
The adder is heavily wounded.
You feel sick.
You are no longer poisoned.
You block the adder's attack.
The frilled lizard bites you but does no damage.
You block the adder's attack.
You closely miss the adder.
The adder is heavily wounded.
The adder bites you but does no damage. The frilled lizard closely misses you.
You barely miss the adder.
The adder is heavily wounded.
The adder bites you.
You are poisoned.
The adder poisons you! The frilled lizard closely misses you.
The adder barely misses you.
You miss the adder.
The adder is heavily wounded.
You feel sick. The adder bites you but does no damage.
The frilled lizard bites you but does no damage.
You hit the adder.
The adder is severely wounded.
You feel sick. The adder completely misses you. The frilled lizard bites you.
* * * LOW HITPOINT WARNING * * *
The adder bites you but does no damage.
The frilled lizard bites you but does no damage.
You hit the adder.
You kill the adder!
You feel sick. The frilled lizard bites you.
* * * LOW HITPOINT WARNING * * *
You feel sick.
The frilled lizard bites you but does no damage.
Found a red potion.
You feel sick.
You are no longer poisoned.
The frilled lizard barely misses you.
You closely miss the frilled lizard. The frilled lizard bites you.
You die...

..# #.##### ##.#
#### #.....# #.#
..####.###.# #.#
#.#........# #.#
#####.#.########
#.......#
#.###'#######
#........#
#.l@.....#
#...........#
####........#
#........#
#........#
#........#
#........#
#..!.....#


You could see a frilled lizard.

Vanquished Creatures
  A hound (D:2)
  An adder (D:2)
  A bat (D:2)
  A hobgoblin (D:2)
  A ball python (D:1)
  A rat (D:1)
6 creatures vanquished.

Notes
Turn   | Place    | Note
-------+----------+-------------------------------------------
     0 | D:1      | Sabo the Formicid Fighter began the quest for the Orb.
     0 | D:1      | Reached XP level 1. HP: 18/18 MP: 1/1
   121 | D:1      | You fall into a shaft and drop 1 floor!
   180 | D:2      | Noticed a hound
   189 | D:2      | Killed a hound
   190 | D:2      | Reached skill level 4 in Shields
   190 | D:2      | Reached XP level 2. HP: 13/25 MP: 2/2
   190 | D:2      | Reached XP level 3. HP: 15/30 MP: 3/3
   385 | D:2      | Slain by a frilled lizard

Illustrated notes

Levels and vault maps discovered:
D:1:      giann_wishing_wells, layout_rooms,
          shapermc_ecumenical_altar_starsandcircs
D:2:      layout_basic, uniq_terence

Skill      XL: |  1 |
---------------+----+-----
Shields        | 4 |  4.0
Fighting       | |  3.9
Staves         | |  2.3
Armour         | |  3.8

Action                   || total
-------------------------++-------
Melee: Quarterstaff      ||    30
Armor: Scale mail        ||    19
Dodge: Dodged            ||    16
Block: Buckler           ||     3

Table legend: (Time is in decaauts)
 A = Elapsed time spent in this place.
 B = Non-inter-level travel time spent in this place.
 C = Inter-level travel time spent in this place.
 D = Time resting spent in this place.
 E = Time spent auto-exploring this place.
 F = Levels seen in this place.
 G = Mean time per level.
                   A        B        C        D        E       F      G
               +--------+--------+--------+--------+--------+-----+--------+
         Total |    390 |    390 |      0 |    137 |      0 |   2 |  195.0 |
       Dungeon |    390 |    390 |      0 |    137 |      0 |   2 |  195.0 |
               +--------+--------+--------+--------+--------+-----+--------+

Top non-repeatable levels by time:
     D:2: 269 daAuts
     D:1: 121 daAuts
